 Dungeon Crawl Stone Soup version 0.29-a0-82-g837932c90e (webtiles) character file.

Game seed: 5531715781246082506

417 lordive the Ruffian (level 6, -12/57 HPs)
             Began as a Troll Warper on Feb 4, 2022.
             Killed from afar by Dowan (17 damage)
             ... with a stone arrow
             ... on level 4 of the Dungeon.
             The game lasted 00:02:02 (774 turns).

lordive the Ruffian (Troll Warper)                   Turns: 774, Time: 00:02:03

Health: -12/57     AC:  5    Str: 20    XL:     6   Next: 61%
Magic:  7/7        EV: 10    Int: 11    God:
Gold:   8          SH:  0    Dex:  9    Spells: 3/8 levels left

rFire   . . .      SeeInvis .     - Unarmed
rCold   . . .      Faith    .   (no shield)
rNeg    . . .      Spirit   .   a - +0 robe
rPois   .          Reflect  .   (helmet restricted)
rElec   .          Harm     .   e - +0 cloak
rCorr   .          Rampage  .   (gloves unavailable)
Will    .....                   (boots unavailable)
Stlth   +.........              (no amulet)
HPRegen 0.99/turn               (no ring)
MPRegen 0.10/turn               (no ring)

@: lit by a corona, glowing
A: large, unfitting armour, claws 3, regeneration 1, shaggy fur 1, tough skin 1
a: no special abilities


You were on level 4 of the Dungeon.
You visited 1 branch of the dungeon, and saw 4 of its levels.

You collected 8 gold pieces.

Inventory:

Missiles
 c - 5 boomerangs of dispersal (quivered)
 j - 3 boomerangs
Armour
 a - a +0 robe (worn)
 e - a +0 cloak (worn)
Scrolls
 b - a scroll of blinking
 d - a scroll of enchant weapon {unknown}
 h - a scroll of torment {unknown}
Potions
 f - a potion of cancellation {unknown}
 g - 2 potions of curing {unknown}
 i - a potion of heal wounds {unknown}


   Skills:
 + Level 2.3 Fighting
 - Level 0.8 Throwing
 + Level 3.2 Dodging
 + Level 4.3 Unarmed Combat
 + Level 1.5 Spellcasting
 * Level 3.5 Translocations


You had 3 spell levels left.
You knew the following spells:

 Your Spells              Type           Power      Damage    Failure   Level
a - Blink                 Tloc           16%        N/A       11%         2
b - Teleport Other        Tloc           8%         N/A       22%         3

Your spell library contained the following spells:

 Spells                   Type           Power      Damage    Failure   Level
 Gell's Gravitas          Tloc           8%         N/A       22%         3
 Lesser Beckoning         Tloc           8%         N/A       22%         3
 Magic Dart               Conj           0%         1d3       30%         1
 Call Imp                 Summ           0%         N/A       43%         2
 Mephitic Cloud           Conj/Pois/Air  0%         N/A       67%         3
 Manifold Assault         Tloc           8%         N/A       89%         5


Dungeon Overview and Level Annotations

Branches:
Dungeon (4/15)
 Temple: D:4-7

Altars:

Annotations:
D:4 Dowan


Innate Abilities, Weirdness & Mutations

You are too large for most types of armour.
You have claws for hands.
Your natural rate of healing is unusually fast.
You are covered in fur. (AC +1)
You have tough skin. (AC +1)


Message History

You scratch Duvessa.
You kill Duvessa!
Dowan's eyes darken. "You have made a black mistake."
Dowan seems to find hidden reserves of power!
Unknown command.
You miss Dowan.
Dowan gestures wildly while chanting.
Dowan blinks!
You barely miss Dowan.
Dowan casts a spell.
Dowan blinks!
You are too injured to fight recklessly!
Unknown command.
Okay, then.
You barely miss Dowan. Dowan casts a spell at you. The shard of ice misses you.
You claw Dowan!
Dowan is heavily wounded.
Dowan hits you with a +3 dagger.
* * * LOW HITPOINT WARNING * * *
Unknown command.
You scratch Dowan.
Dowan is severely wounded.
Dowan hits you with a +3 dagger.
* * * LOW HITPOINT WARNING * * *
Dowan barely misses you.
You barely miss Dowan.
Dowan is severely wounded.
Dowan hits you with a +3 dagger!
* * * LOW HITPOINT WARNING * * *
You scratch Dowan but do no damage.
Dowan is severely wounded.
Dowan gestures wildly while chanting.
Dowan blinks!
Dowan casts a spell.
Dowan blinks!
Dowan gestures at you while chanting. The stone arrow hits you!
You die...

...#..#
#..................#.
##...
#......##.........##
##.
...#....#.####.......#
........### .####..#
.........## #..# #.#
......##..###...##
.##...###........#
#....###........
##..ยง.##@.####..
#.....!.## #.....).#
....!...# ...##..e# .#
##... ##... #....
#...##


You could see Dowan (fast).

Vanquished Creatures
  Duvessa (D:4)
  A black bear (D:4)
  An ogre (D:4)
  An orc priest (D:4)
  An iguana (D:4)
  An orc wizard (D:4)
  3 adders
  A worm (D:2)
  A dart slug (D:4)
  5 orcs (D:4)
  5 bats
  A giant cockroach (D:4)
  3 goblins
  4 hobgoblins
  2 jackals (D:4)
  3 kobolds
  2 quokkas
  A ball python (D:1)
  2 frilled lizards
  A rat (D:2)
40 creatures vanquished.

Notes
Turn   | Place    | Note
-------+----------+-------------------------------------------
     0 | D:1      | lordive the Troll Warper began the quest for the Orb.
     0 | D:1      | Reached XP level 1. HP: 19/19 MP: 1/1
    95 | D:1      | Reached XP level 2. HP: 27/27 MP: 2/2
   302 | D:2      | Reached XP level 3. HP: 35/35 MP: 3/3
   407 | D:4      | Noticed a black bear
   423 | D:4      | Killed a black bear
   424 | D:4      | Reached skill level 3 in Unarmed Combat
   424 | D:4      | Reached XP level 4. HP: 14/42 MP: 3/5
   446 | D:4      | Noticed an ogre
   468 | D:4      | Killed an ogre
   469 | D:4      | Reached XP level 5. HP: 12/49 MP: 6/6
   676 | D:4      | Reached XP level 6. HP: 46/57 MP: 7/7
   684 | D:4      | Learned a level 2 spell: Blink
   688 | D:4      | Learned a level 3 spell: Teleport Other
   714 | D:4      | Reached skill level 4 in Unarmed Combat
   750 | D:4      | Noticed Duvessa
   751 | D:4      | Noticed Dowan
   763 | D:4      | Killed Duvessa
   770 | D:4      | HP: 1/57 [Dowan (8)]
   774 | D:4      | Killed from afar by Dowan

Illustrated notes

Levels and vault maps discovered:
D:1:      dpeg_arrival_simpleton_a, layout_basic
D:2:      layout_rooms, shapermc_ecumenical_altar_mp_highgroup,
          minmay_indecisive_spiral
D:3:      layout_loops_ring
D:4:      layout_layer_cave, uniq_grinder, uniq_duvessa

Skill      XL: |  1  2  3  4  5  6 |
---------------+-------------------+-----
Dodging        | 2 3 |  3.2
Fighting       | 2 |  2.3
Unarmed Combat | 3 4 |  4.3
Translocations | 3 |  3.5
Throwing       | |  0.8
Spellcasting   | |  1.5

Action                   |  1- 3 |  4- 6 || total
-------------------------+-------+-------++-------
Melee: Unarmed           |    66 |    71 ||   137
       Punch             |       |     1 ||     1
Armor: Robe              |    36 |    29 ||    65
Dodge: Dodged            |    44 |    42 ||    86

Table legend: (Time is in decaauts)
 A = Elapsed time spent in this place.
 B = Non-inter-level travel time spent in this place.
 C = Inter-level travel time spent in this place.
 D = Time resting spent in this place.
 E = Time spent auto-exploring this place.
 F = Levels seen in this place.
 G = Mean time per level.
                   A        B        C        D        E       F      G
               +--------+--------+--------+--------+--------+-----+--------+
         Total |    766 |    705 |     61 |     64 |    382 |   4 |  191.5 |
       Dungeon |    766 |    705 |     61 |     64 |    382 |   4 |  191.5 |
               +--------+--------+--------+--------+--------+-----+--------+

Top non-repeatable levels by time:
     D:4: 356 daAuts
     D:1: 264 daAuts
     D:3: 100 daAuts
     D:2: 44 daAuts
